 Dungeon Crawl Stone Soup version 0.29.0-4-gdea44cf6ec (webtiles) character file.

Game seed: 18095628601174424559

1528 qw the Cleaver (level 8, -5/48 HPs)
             Began as a Tengu Warper on Aug 28, 2022.
             Slain by a cyan ugly thing (13 damage)
             ... on level 7 of the Dungeon.
             The game lasted 00:00:41 (6287 turns).

qw the Cleaver (Tengu Warper)                       Turns: 6287, Time: 00:00:41

Health: -5/48      AC: 11    Str: 18    XL:     8   Next: 85%
Magic:  12/12      EV: 12    Int: 19    God:
Gold:   280        SH:  0    Dex: 12    Spells: 11/11 levels left

rFire   . . .      SeeInvis +   Y - +1 war axe (drain)
rCold   . . .      Faith    .   (no shield)
rNeg    . . .      Spirit   .   o - +0 scale mail
rPois   .          Reflect  .   (helmet restricted)
rElec   .          Harm     .   m - +2 cloak
rCorr   .          Rampage  .   h - +0 pair of gloves
Will    +....                   (boots unavailable)
Stlth   ..........              (no amulet)
HPRegen 0.16/turn               d - +6 ring of strength
MPRegen 0.13/turn               (no ring)

@: flying quickly and evasively, quick
A: beak, talons 3, nimble flight, see invisible, clever 1, strong-willed 1,
subdued magic 1
a: no special abilities


You were on level 7 of the Dungeon.
You visited 1 branch of the dungeon, and saw 7 of its levels.

You collected 308 gold pieces.
You spent 28 gold pieces at shops.


Innate Abilities, Weirdness & Mutations

You have a beak for a mouth.
You have claws for feet.
Your magical nature lets you fly swiftly and evasively.
You have supernaturally acute eyesight. (SInv)
Your mind is acute. (Int +4, Str/Dex -1)
You are strong-willed. (Will+)
Your spells are a little easier to cast, but a little less powerful.


   Skills:
 + Level 4.8 Fighting
 - Level 10.1 Axes
 - Level 1.0 Throwing
 - Level 3.0 Armour
 - Level 3.5 Dodging
 - Level 2.0 Spellcasting
 - Level 2.4 Translocations


You had 11 spell levels left.
You didn't know any spells.
Your spell library contained the following spells:

 Spells                   Type           Power      Damage    Failure   Level
 Blink                    Tloc           16%        N/A       26%         2
 Gell's Gravitas          Tloc           8%         N/A       47%         3
 Lesser Beckoning         Tloc           8%         N/A       47%         3
 Teleport Other           Tloc           8%         N/A       47%         3
 Manifold Assault         Tloc           8%         N/A       99%         5

Inventory:

Hand Weapons
 l - a +1 flail of holy wrath
 Y - a +1 war axe of draining (weapon)
Missiles
 q - 3 boomerangs (quivered)
Armour
 h - a +0 pair of gloves (worn)
 m - a +2 cloak (worn)
 o - a +0 scale mail (worn)
Jewellery
 d - a +6 ring of strength (left hand)
Scrolls
 c - a scroll of identify
Potions
 e - a potion of might {unknown}
 f - 2 potions of mutation
 g - 2 potions of curing
 i - a potion of berserk rage {unknown}
 j - a potion of attraction {unknown}
 k - 3 potions of heal wounds
 n - a potion of resistance {unknown}
 p - a potion of haste {unknown}

Dungeon Overview and Level Annotations

Branches:
Dungeon (7/15)
 Temple: D:4-7

Altars:
Fedhas
Kikubaaqudgha
Nemelex Xobeh
Zin

Shops:
D:5 *


Message History

There is a stone staircase leading up here.
Existing waypoints: (1) D:6 (2) D:5 Assign waypoint to what number? (0-9, D - delete waypoint) Waypoint 2 re-assigned from D:5 to D:7.
Enter note:
6236 ||| PLANNING OSSUARY You now have 280 gold pieces (gained 14).
g - 2 potions of curing (gained 1)
You see here a staff of poison.
A cyan ugly thing comes into view.
The cyan ugly thing gurgles horribly!
Enter note:
Enter note: Throw: 3 boomerangs
Press: ? - help, Q - select action Shift-Dir - straight line, f - cyan ugly thing You throw a boomerang.
The boomerang hits the cyan ugly thing but does no damage.
Throw: 3 boomerangs
Press: ? - help, Q - select action Shift-Dir - straight line, f/p - cyan ugly thing You throw a boomerang.
The boomerang barely misses the cyan ugly thing.
Throw: 3 boomerangs
Press: ? - help, Q - select action Shift-Dir - straight line, f/p - cyan ugly thing You throw a boomerang.
The boomerang hits the cyan ugly thing but does no damage.
You slash the cyan ugly thing!
The cyan ugly thing is lightly wounded.
The cyan ugly thing kicks you. The cyan ugly thing shocks you!
You hit the cyan ugly thing but do no damage.
You peck the cyan ugly thing, but do no damage.
The cyan ugly thing is lightly wounded.
The cyan ugly thing kicks you! The cyan ugly thing shocks you!
6286 ||| DRINKING 4 potions of heal wounds.
You feel much better. The cyan ugly thing kicks you.
The cyan ugly thing shocks you!
You barely miss the cyan ugly thing. Your kick misses the cyan ugly thing.
The cyan ugly thing is lightly wounded.
The cyan ugly thing kicks you. The cyan ugly thing shocks you!
You die...

### . .. .. .. # ... .
### #..####. #####..
..#.....## #.....#
.........## #.#####
......u@..# #####....#
..........####........#
...............#....###
.....................#
...................#.#
...........##.........#
...................#....
#..###.....###..##......
.. ~~~~~~~~ #.........#


You could see a cyan ugly thing.

Vanquished Creatures
  A water moccasin (D:6)
  2 black bears (D:6)
  A sky beast (D:6)
  An ice beast (D:5)
  An ogre (D:4)
  A centaur (D:5)
  3 phantoms
  A bullfrog (D:6)
  A scorpion (D:6)
  An electric eel (D:6)
  2 hounds
  2 orc priests (D:6)
  Crazy Yiuf (D:3)
  2 iguanas
  3 orc wizards
  10 gnolls
  4 adders
  2 shadow imps (D:6)
  A worm (D:2)
  A dart slug (D:4)
  7 orcs
  14 endoplasms
  2 giant cockroaches
  12 goblins
  4 hobgoblins
  12 jackals
  9 kobolds
  4 quokkas
  6 ball pythons
  9 bats
  4 frilled lizards
  5 rats
129 creatures vanquished.

Vanquished Creatures (others)
  2 fungi (D:1)
  5 plants (D:1)
7 creatures vanquished.

Grand Total: 136 creatures vanquished

Notes
Turn   | Place    | Note
-------+----------+-------------------------------------------
     0 | D:1      | qw the Tengu Warper began the quest for the Orb.
     0 | D:1      | Reached XP level 1. HP: 12/12 MP: 4/4
     0 | D:1      | 0 ||| qw: Version: 0.1-a-89-g26bdef1
     0 | D:1      | 0 ||| qw: Game counter: 2079
     0 | D:1      | 0 ||| qw: Always use a shield: true
     0 | D:1      | 0 ||| qw: God list: Okawaru
     0 | D:1      | 0 ||| qw: Allow faded altars: false
     0 | D:1      | 0 ||| qw: Do Orc after D:15 true
     0 | D:1      | 0 ||| qw: Do second Lair branch before Depths: true
     0 | D:1      | 0 ||| qw: Lair rune preference: random
     0 | D:1      | 0 ||| qw: Plans: Normal
     0 | D:1      | 0 ||| PLANNING D:1-11
   139 | D:1      | Reached XP level 2. HP: 15/17 MP: 6/6
   205 | D:1      | Reached skill level 3 in Axes
   291 | D:1      | Found a faded altar of an unknown god.
   653 | D:1      | 653 ||| DROPPING +0 club.
   920 | D:1      | 920 ||| UPGRADING to +0 ring mail.
   930 | D:1      | 930 ||| DROPPING +0 leather armour.
   931 | D:1      | 931 ||| UPGRADING to +6 ring of strength.
   932 | D:1      | 932 ||| READING scroll labelled GIGEIDYAMA.
   933 | D:1      | 933 ||| READING scroll labelled CIABBA AKHLECAI.
   934 | D:1      | 934 ||| DROPPING scroll of blinking.
   953 | D:1      | Reached XP level 3. HP: 21/21 MP: 7/7
   992 | D:2      | 992 ||| Stepping ~*~*~tactically~*~*~ (stealth).
  1195 | D:2      | 1195 ||| Stepping ~*~*~tactically~*~*~ (stealth).
  1202 | D:2      | Reached skill level 4 in Axes
  1204 | D:2      | 1204 ||| FLEEEEING.
  1205 | D:2      | 1205 ||| FLEEEEING.
  1206 | D:2      | 1206 ||| FLEEEEING.
  1217 | D:2      | 1217 ||| FLEEEEING.
  1218 | D:2      | 1218 ||| FLEEEEING.
  1222 | D:2      | 1222 ||| FLEEEEING.
  1225 | D:2      | 1225 ||| FLEEEEING.
  1226 | D:2      | 1226 ||| FLEEEEING.
  1230 | D:2      | 1230 ||| FLEEEEING.
  1231 | D:2      | 1231 ||| FLEEEEING.
  1232 | D:2      | 1232 ||| FLEEEEING.
  1233 | D:2      | 1233 ||| FLEEEEING.
  1234 | D:2      | 1234 ||| FLEEEEING.
  1343 | D:2      | 1343 ||| Stepping ~*~*~tactically~*~*~ (stealth).
  1345 | D:2      | 1345 ||| Stepping ~*~*~tactically~*~*~ (stealth).
  1853 | D:2      | 1853 ||| READING scroll labelled FAZAHA ULYMN.
  1854 | D:2      | 1854 ||| DRINKING 2 puce potions.
  1855 | D:2      | 1855 ||| DROPPING potion of invisibility.
  1903 | D:3      | 1903 ||| STAIRDANCE
  1936 | D:3      | Reached XP level 4. HP: 25/26 MP: 8/8
  1987 | D:3      | 1987 ||| Stepping ~*~*~tactically~*~*~ (stealth).
  1989 | D:3      | 1989 ||| Stepping ~*~*~tactically~*~*~ (hiding).
  2030 | D:3      | 2030 ||| FLEEEEING.
  2031 | D:3      | 2031 ||| FLEEEEING.
  2032 | D:3      | 2032 ||| FLEEEEING.
  2040 | D:3      | 2040 ||| FLEEEEING.
  2041 | D:3      | 2041 ||| FLEEEEING.
  2042 | D:3      | 2042 ||| FLEEEEING.
  2045 | D:3      | 2045 ||| FLEEEEING.
  2046 | D:3      | 2046 ||| FLEEEEING.
  2047 | D:3      | 2047 ||| FLEEEEING.
  2048 | D:3      | 2048 ||| FLEEEEING.
  2049 | D:3      | 2049 ||| FLEEEEING.
  2050 | D:3      | 2050 ||| FLEEEEING.
  2051 | D:3      | 2051 ||| FLEEEEING.
  2052 | D:3      | 2052 ||| FLEEEEING.
  2053 | D:3      | 2053 ||| FLEEEEING.
  2054 | D:3      | 2054 ||| FLEEEEING.
  2055 | D:3      | 2055 ||| FLEEEEING.
  2056 | D:3      | 2056 ||| FLEEEEING.
  2057 | D:3      | 2057 ||| FLEEEEING.
  2058 | D:3      | 2058 ||| FLEEEEING.
  2059 | D:3      | 2059 ||| FLEEEEING.
  2060 | D:3      | 2060 ||| FLEEEEING.
  2061 | D:3      | 2061 ||| STAIRDANCE
  2158 | D:2      | 2158 ||| READING scroll labelled CIUNGA XYKK.
  2159 | D:2      | 2159 ||| READING 2 scrolls of identify.
  2159 | D:2      | 2159 ||| IDENTIFYING fuming grey potion
  2160 | D:2      | 2160 ||| DROPPING potion of lignification.
  2163 | D:3      | 2163 ||| STAIRDANCE
  2209 | D:2      | 2209 ||| DROPPING +0 whip.
  2213 | D:3      | 2213 ||| STAIRDANCE
  2218 | D:2      | 2218 ||| SWAPPING to +0 war axe.
  2219 | D:2      | 2219 ||| DROPPING +0 hand axe.
  2230 | D:3      | Reached skill level 5 in Axes
  2344 | D:3      | 2344 ||| Stepping ~*~*~tactically~*~*~ (stealth).
  2346 | D:3      | 2346 ||| Stepping ~*~*~tactically~*~*~ (stealth).
  2377 | D:3      | Gained mutation: Your magical nature lets you fly swiftly
                  | and evasively. [Tengu growth]
  2377 | D:3      | Reached XP level 5. HP: 16/30 MP: 9/9
  2389 | D:3      | 2389 ||| FLEEEEING.
  2391 | D:3      | 2391 ||| FLEEEEING.
  2392 | D:3      | 2392 ||| FLEEEEING.
  2393 | D:3      | 2393 ||| FLEEEEING.
  2394 | D:3      | 2394 ||| FLEEEEING.
  2395 | D:3      | 2395 ||| FLEEEEING.
  2396 | D:3      | 2396 ||| FLEEEEING.
  2397 | D:3      | 2397 ||| FLEEEEING.
  2398 | D:3      | 2398 ||| FLEEEEING.
  2399 | D:3      | 2399 ||| FLEEEEING.
  2400 | D:3      | 2400 ||| FLEEEEING.
  2408 | D:3      | 2408 ||| FLEEEEING.
  2409 | D:3      | 2409 ||| FLEEEEING.
  2410 | D:3      | 2410 ||| FLEEEEING.
  2411 | D:3      | 2411 ||| FLEEEEING.
  2412 | D:3      | 2412 ||| FLEEEEING.
  2413 | D:3      | 2413 ||| FLEEEEING.
  2414 | D:3      | 2414 ||| FLEEEEING.
  2415 | D:3      | 2415 ||| FLEEEEING.
  2416 | D:3      | 2416 ||| FLEEEEING.
  2417 | D:3      | 2417 ||| FLEEEEING.
  2418 | D:3      | 2418 ||| FLEEEEING.
  2419 | D:3      | 2419 ||| FLEEEEING.
  2421 | D:3      | 2421 ||| FLEEEEING.
  2422 | D:3      | 2422 ||| FLEEEEING.
  2426 | D:3      | 2426 ||| STAIRDANCE
  2543 | D:2      | 2543 ||| UPGRADING to +1 cloak.
  2548 | D:2      | 2548 ||| UPGRADING to +0 scale mail.
  2558 | D:2      | 2558 ||| DROPPING +0 ring mail.
  2559 | D:2      | 2559 ||| READING scroll of enchant armour.
  2559 | D:2      | 2559 ||| ENCHANTING +1 cloak.
  2560 | D:2      | 2560 ||| READING scroll labelled JITORPH YSENOPH.
  2561 | D:2      | 2561 ||| DRINKING 3 sedimented purple potions.
  2562 | D:2      | 2562 ||| DRINKING 2 ruby potions.
  2563 | D:2      | 2563 ||| DROPPING 2 potions of flight.
  2592 | D:3      | 2592 ||| FLEEEEING.
  2593 | D:3      | 2593 ||| FLEEEEING.
  2594 | D:3      | 2594 ||| FLEEEEING.
  2595 | D:3      | 2595 ||| FLEEEEING.
  2596 | D:3      | 2596 ||| FLEEEEING.
  2597 | D:3      | 2597 ||| FLEEEEING.
  2598 | D:3      | 2598 ||| FLEEEEING.
  2599 | D:3      | 2599 ||| FLEEEEING.
  2610 | D:3      | 2610 ||| FLEEEEING.
  2615 | D:3      | 2615 ||| STAIRDANCE
  2686 | D:3      | 2686 ||| Stepping ~*~*~tactically~*~*~ (hiding).
  2687 | D:3      | 2687 ||| Stepping ~*~*~tactically~*~*~ (hiding).
  2858 | D:3      | Found a runed translucent door.
  2859 | D:3      | Noticed Crazy Yiuf
  3082 | D:3      | 3082 ||| Stepping randomly (stuck).
  3083 | D:3      | Killed Crazy Yiuf
  3084 | D:3      | Reached skill level 6 in Axes
  3089 | D:3      | 3089 ||| DROPPING +0 hammer of venom.
  3306 | D:4      | Noticed a phantom
  3315 | D:4      | Killed a phantom
  3316 | D:4      | Reached skill level 7 in Axes
  3316 | D:4      | Reached XP level 6. HP: 26/35 MP: 10/10
  3673 | D:4      | 3673 ||| Stepping ~*~*~tactically~*~*~ (stealth).
  3674 | D:4      | 3674 ||| Stepping ~*~*~tactically~*~*~ (hiding).
  3675 | D:4      | 3675 ||| Stepping ~*~*~tactically~*~*~ (hiding).
  3676 | D:4      | 3676 ||| Stepping ~*~*~tactically~*~*~ (hiding).
  3896 | D:4      | Reached skill level 3 in Fighting
  4006 | D:4      | Reached XP level 7. HP: 34/41 MP: 11/11
  4105 | D:4      | 4105 ||| UPGRADING to +0 pair of gloves.
  4110 | D:4      | 4110 ||| READING scroll labelled WIMECU UKKOGOU.
  4111 | D:4      | 4111 ||| DRINKING 2 bubbling red potions.
  4111 | D:4      | Gained mutation: You are strong-willed. (Will+) [potion of
                  | mutation]
  4111 | D:4      | Gained mutation: Your spells are a little easier to cast,
                  | but a little less powerful. [potion of mutation]
  4111 | D:4      | Gained mutation: You have supernaturally acute eyesight.
                  | (SInv) [potion of mutation]
  4111 | D:4      | Gained mutation: Your mind is acute. (Int +4, Str/Dex -1)
                  | [potion of mutation]
  4131 | D:5      | Entered Level 5 of the Dungeon
  4382 | D:5      | Reached skill level 3 in Armour
  4460 | D:5      | Found Eczeoh's General Store.
  4468 | D:5      | 4468 ||| SHOPLISTING +4 flail of venom (366 gold, have
                  | 219).
  4468 | D:5      | 4468 ||| SHOPLISTING ring of Tempters {rPois Str+6} (660
                  | gold, have 219).
  4468 | D:5      | 4468 ||| BUYING scroll of identify (28 gold).
  4468 | D:5      | Bought a scroll of identify for 28 gold pieces
  4786 | D:5      | Reached skill level 8 in Axes
  5091 | D:5      | 5091 ||| DRINKING 2 lumpy white potions.
  5092 | D:5      | 5092 ||| READING 2 scrolls of identify.
  5092 | D:5      | 5092 ||| IDENTIFYING fuming clear potion
  5093 | D:5      | 5093 ||| DROPPING potion of brilliance.
  5142 | D:6      | 5142 ||| Stepping ~*~*~tactically~*~*~ (stealth).
  5143 | D:6      | 5143 ||| Stepping ~*~*~tactically~*~*~ (stealth).
  5159 | D:6      | 5159 ||| Stepping ~*~*~tactically~*~*~ (stealth).
  5173 | D:6      | Reached skill level 9 in Axes
  5173 | D:6      | Reached XP level 8. HP: 28/46 MP: 12/12
  5422 | D:6      | Reached skill level 3 in Dodging
  5440 | D:6      | 5440 ||| Stepping ~*~*~tactically~*~*~ (hiding).
  5441 | D:6      | 5441 ||| Stepping ~*~*~tactically~*~*~ (hiding).
  5445 | D:6      | 5445 ||| Stepping ~*~*~tactically~*~*~ (hiding).
  5447 | D:6      | 5447 ||| Stepping ~*~*~tactically~*~*~ (hiding).
  5649 | D:6      | Found a blossoming altar of Fedhas.
  5652 | D:6      | Found an ancient bone altar of Kikubaaqudgha.
  5738 | D:6      | Found a glowing silver altar of Zin.
  5739 | D:6      | Found a sparkling altar of Nemelex Xobeh.
  5751 | D:6      | Reached skill level 10 in Axes
  6049 | D:6      | 6049 ||| DROPPING +0 flail.
  6197 | D:6      | 6197 ||| READING scroll labelled RAKIHAO SEIX.
  6236 | D:7      | 6236 ||| PLANNING OSSUARY
  6279 | D:7      | Noticed a cyan ugly thing
  6285 | D:7      | HP: 4/48 [cyan ugly thing (17)]
  6286 | D:7      | 6286 ||| DRINKING 4 potions of heal wounds.
  6287 | D:7      | Slain by a cyan ugly thing

Levels and vault maps discovered:
D:1:      spicycebolla_arrival_clurvy, layout_loops_cross,
          shapermc_ecumenical_altar_mp_ritualfount, kennysheep_minor_cross,
          grunt_decor_cap, hex_tiny, minivault_26, minmay_misc_feat_cross
D:2:      layout_loops_ring
D:3:      layout_rooms, uniq_crazy_yiuf_cottage
D:4:      layout_basic
D:5:      layout_loops_corners, serial_shops, shop, mrwooster_statue_mirror,
          minmay_misc_feat_nine_boxes
D:6:      layout_cave_pods, grunt_temple_overflow_growth_and_decay,
          nicolae_overflow_two_pavilions
D:7:      layout_rooms, minmay_temple_entry_water_ring, enter_ossuary_5

Skill      XL: |  1  2  3  4  5  6  7  8 |
---------------+-------------------------+-----
Axes           | 3 4 5 7 9 10 | 10.1
Fighting       | 3 4 |  4.8
Armour         | 3 |  3.0
Dodging        | 3 |  3.5
Throwing       | |  1.0
Spellcasting   | |  2.0
Translocations | |  2.4

Action                   |  1- 3 |  4- 6 |  7- 9 || total
-------------------------+-------+-------+-------++-------
Melee: Hand axe          |   109 |    14 |       ||   123
       Kick              |    13 |    27 |    23 ||    63
       Peck              |    11 |    19 |    22 ||    52
       Punch             |     1 |     2 |     1 ||     4
       War axe           |       |    98 |    99 ||   197
Throw: Boomerang         |     7 |    31 |     4 ||    42
  Use: Scroll            |     3 |     4 |     3 ||    10
       Potion            |     1 |     2 |     3 ||     6
Armor: Leather armour    |    13 |       |       ||    13
       Ring mail         |    17 |    10 |       ||    27
       Scale mail        |       |    24 |    51 ||    75
Dodge: Dodged            |    53 |    78 |    50 ||   181

Table legend:
 A = Non-vault XP
 B = Vault XP
 C = Vault XP percentage of total XP
 D = Non-vault monster count
 E = Vault monster count
 F = Vault count percentage of total count
                 A         B        C        D         E       F
            +---------+---------+-------+---------+---------+-------
      Total |    2147 |      37 |   1.7 |     128 |       1 |   0.8
            +---------+---------+-------+---------+---------+-------
        D:1 |      34 |       0 |   0.0 |      22 |       0 |   0.0
        D:2 |      53 |       0 |   0.0 |      27 |       0 |   0.0
        D:3 |     130 |      37 |  22.2 |      27 |       1 |   3.6
        D:4 |     460 |       0 |   0.0 |      26 |       0 |   0.0
        D:5 |     342 |       0 |   0.0 |       7 |       0 |   0.0
        D:6 |    1128 |       0 |   0.0 |      19 |       0 |   0.0
            +---------+---------+-------+---------+---------+-------
